Map: King's Cove LE

Players

Trap - Winner!

  • Race: Protoss Protoss
  • Spawn Location: 11:00

Bly

  • Race: Zerg Zerg
  • Spawn Location: 5:00

Event: IEM Season 13: Katowice (2019)

VOD

Have the link to the VOD?

Description

Time

  • Played on: Feb. 25, 2019, 11:20 a.m.
  • Length: 10:28

All games in this series

Show
View Real Time Build Order
Export as new Build Order

Trap Protoss - Winner!

Build Orders:  

Get SALT Encoding   

  12  0:00  Probe  
  13  0:12  Probe  
  14  0:18  Pylon  
  14  0:24  Probe  
  15  0:32  Probe  
  15  0:40  Probe  
  16  0:42  Gateway  
  16  0:49  Assimilator  
  17  0:51  Probe  
  18  1:03  Probe  
  19  1:04  Pylon  
  19  1:15  Probe  
  20  1:20  Zealot  
  20  1:26  Pylon  
  20  1:27  Probe  
  23  1:38  Cybernetics Core  
  23  1:42  Probe  
  24  1:54  Probe  
  25  2:04  Adept  
  24  2:15  Warp Gate  
  26  2:30  Nexus  
  26  2:33  Assimilator  
  26  2:41  Stalker  
  28  2:51  Robotics Facility  
  28  2:54  Probe  
  29  3:00  Pylon  
  29  3:12  Sentry  
  31  3:15  Gateway  
  31  3:18  Probe  
  32  3:30  Probe  
  33  3:39  Sentry  
  35  3:43  Probe  
  35  3:44  Probe  
  37  3:49  Shield Battery  
  37  3:50  Immortal  
  37  3:55  Probe  
  42  4:03  Probe  
  42  4:09  Probe  
  44  4:15  Probe  
  43  4:17  Immortal  
  43  4:20  Zealot x2  
  51  4:37  Pylon  
  51  4:41  Stalker  
  53  4:52  Pylon  
  53  4:53  Immortal  
  57  5:01  Probe  
  57  5:02  Probe  
  59  5:09  Probe  
  59  5:14  Sentry x2, Probe  
  61  5:17  Probe  
  61  5:20  Pylon  
  65  5:24  Warp Prism  
  65  5:26  Probe, Pylon  
  67  5:28  Probe  
  70  5:44  Gateway  
  70  5:45  Gateway  
  70  5:51  Gateway  
  70  5:56  Gateway  
  70  5:58  Sentry x2  
  74  6:08  Pylon x2  
  74  6:11  Probe x2  
  76  6:19  Assimilator  
  76  6:20  Assimilator  
  76  6:27  Zealot x2  
  76  6:30  Probe x2  
  82  6:44  Sentry  
  84  6:47  Zealot  
  84  6:48  Zealot x3  
  84  6:49  Immortal  
  94  7:14  Zealot x4  
  102  7:26  Probe, Pylon  
  102  7:28  Pylon  
  103  7:44  Probe  
  103  7:47  Twilight Council  
  103  7:50  Stargate  
  103  7:51  Probe, Stargate  
  103  7:53  Observer  
  103  7:56  Probe  
  102  8:09  Zealot x2  
  106  8:14  Probe x2  
  106  8:17  Zealot x2  
  101  8:26  Probe x2, Phoenix  
  95  8:38  Probe x2  
  95  8:40  Phoenix  
  99  8:50  Probe x2, Phoenix  
  101  8:57  Phoenix  
  105  9:15  Probe x2  
  106  9:21  Phoenix  
  108  9:24  Phoenix  
  108  9:37  Phoenix  
  108  9:42  Pylon  
  108  9:45  Pylon, Phoenix  
  110  9:48  Phoenix  
  110  9:49  Phoenix  
  112  9:57  Phoenix  
  112  9:59  Probe x2  
  114  10:02  Phoenix  
  116  10:09  Zealot  
Show
View Real Time Build Order
Export as new Build Order

Bly Zerg 

Build Orders: Pool First 

Get SALT Encoding   

  12  0:01  Drone  
  13  0:12  Overlord  
  13  0:17  Drone  
  14  0:31  Drone x2  
  16  0:41  Spawning Pool  
  15  0:45  Drone  
  16  0:51  Drone  
  17  0:58  Extractor  
  17  1:03  Drone  
  17  1:19  Hatchery  
  16  1:29  Zergling x4  
  18  1:37  Drone  
  19  1:51  Queen  
  21  1:56  Drone  
  22  2:02  Evolution Chamber  
  22  2:03  Metabolic Boost  
  22  2:11  Hatchery  
  22  2:15  Drone  
  22  2:25  Overlord  
  23  2:41  Lair  
  23  2:46  Drone x3  
  23  2:50  Extractor  
  24  2:58  Drone  
  25  3:07  Drone x3  
  28  3:27  Queen  
  28  3:30  Zergling x4  
  28  3:32  Zergling x2  
  32  3:40  Queen  
  34  3:41  Nydus Network  
  31  4:07  Zergling x8  
  31  4:08  Overlord x2  
  35  4:21  Overlord  
  35  4:27  Zergling x6  
  38  4:31  Nydus Canal  
  38  4:36  Zergling x8  
  42  4:43  Zergling x2  
  42  4:45  Nydus Canal  
  43  4:58  Nydus Canal  
  43  5:04  Drone  
  43  5:05  Drone x5  
  49  5:18  Drone x4  
  53  5:24  Infestation Pit  
  52  5:29  Drone x2  
  54  5:40  Drone  
  54  5:41  Spire, Drone  
  55  5:43  Drone  
  56  5:50  Extractor  
  56  5:52  Extractor  
  54  6:10  Drone x5  
  59  6:16  Overlord x2  
  58  6:18  Nydus Canal  
  58  6:24  Overlord  
  58  6:26  Zergling x2  
  59  6:44  Zergling x8  
  59  6:45  Zergling x8  
  67  6:50  Nydus Canal  
  67  7:11  Hatchery  
  59  7:28  Hatchery  
  52  7:56  Mutalisk x2  
  55  8:03  Mutalisk  
  57  8:09  Mutalisk  
  53  8:27  Mutalisk  
  53  8:33  Mutalisk  
  51  8:42  Mutalisk  
  51  8:47  Mutalisk x2  
  57  8:50  Mutalisk  
  57  8:55  Mutalisk  
  59  9:01  Mutalisk  
  63  9:05  Mutalisk  
  65  9:17  Mutalisk  
  65  9:18  Drone x3  
  65  9:20  Drone x2  
  72  9:35  Mutalisk  
  74  9:40  Overlord x4  
  74  9:44  Extractor x2  
  72  9:54  Corruptor  

Tags
 
Add a new tag
Caveats
  • Supply blocks, unpowered buildings, or Contaminate may cause inaccurate times.
  • Supply counts are checked every 10 seconds.